 Dungeon Sprint DCSS version 0.14-a0-3367-g7c2a7eb (webtiles) character file.

10 Froboctopus the Vexing (level 2, -5/26 HPs)
             Began as a Troll Arcane Marksman on Mar 19, 2014.
             Was an Initiate of Cheibriados.
             Slain by an ice beast (8 damage)
             ... in the Dungeon (Sprint IX: "|||||||||||||||||||||||||||||").
             The game lasted 00:01:54 (172 turns).

Froboctopus the Vexing (Troll Arcane Marksman)       Turns: 172, Time: 00:01:56

HP  -5/26        AC  5     Str 25      XL: 2   Next: 10%
MP   2/2         EV  9     Int 10      God: Cheibriados [......]
Gold 0           SH  0     Dex 10      Spells:  1 memorised,  3 levels left

rFire  . . .     SeeInvis .     (no weapon)
rCold  . . .     Clarity  .     a - +0 robe
rNeg   . . .     Conserve .     (shield restricted)
rPois  .         rCorr    .     (helmet restricted)
rElec  .         rRot     .     (no cloak)
SustAb . .       Spirit   .     (gloves unavailable)
rMut   .         Warding  .     (boots unavailable)
Gourm  +         NoTele   +     (no amulet)
MR     .....                    q - +3 ring of strength
                                p - +3 ring of strength

@: slowed, very slow, not resistant to hostile enchantments, unstealthy
A: unfitting armour, claws 3, fast metabolism 3, gourmand, regeneration 2,
saprovore 2, shaggy fur 1, tough skin 2
a: Bend Time, Renounce Religion


You were in the Dungeon.
You worshipped Cheibriados.
Cheibriados was noncommittal.
You were completely stuffed.

You visited 1 branch

Inventory:

Missiles
 b - a large rock (quivered)
 c - 2 throwing nets
Armour
 a - a +0 robe (worn)
Magical devices
 o - a wand of draining (7)
Comestibles
 f - 2 meat rations
Scrolls
 k - 2 scrolls of blinking
 m - 3 scrolls of remove curse
 n - 2 scrolls of amnesia
Jewellery
 p - a +3 ring of strength (left claw)
 q - a +3 ring of strength (right claw)
Potions
 e - 5 potions of curing
 g - 3 potions of heal wounds
 h - a potion of haste
 i - 4 potions of magic
 j - a potion of berserk rage
 l - a potion of invisibility
Books
 d - a book of Debilitation

   Spells                             Type                      Level
   *Corona                            Hexes                        1
   Slow                               Hexes                        2
   Inner Flame                        Hexes/Fire                   3
   Enslavement                        Hexes                        4
   Cause Fear                         Hexes                        4
   Leda's Liquefaction                Hexes/Earth                  4


   Skills:
 - Level 0.7 Fighting
 + Level 2.6 Throwing
 - Level 1.5 Dodging
 * Level 1.8 Spellcasting
 * Level 2.6 Hexes


You had 3 spell levels left.
You knew the following spells:

 Your Spells              Type           Power        Failure   Level  Hunger
a - Corona                Hex            #......      12%         1    ##.....


Dungeon Overview and Level Annotations

Branches:
Dungeon (1/1)

Altars:
Ashenzari
Cheibriados
Dithmenos
Elyvilon
Fedhas
Kikubaaqudgha
Makhleb
Nemelex Xobeh
Okawaru
Sif Muna
Trog
Vehumet
Xom
Yredelemnul
Zin
The Shining One


Innate Abilities, Weirdness & Mutations

You are too large for most types of armour.
You have claws for hands.
Your metabolism is lightning-fast.
You like to eat raw meat.
You heal very quickly.
You can eat rotten meat.
You are covered in fur (AC +1).
You have very tough skin (AC +2).


Message History

The ice beast is severely wounded.
The deep elf mage mumbles some strange words.
The deep elf mage blinks!
The ice beast hits you but does no damage.
You barely miss the ice beast.
The ice beast is severely wounded.
The deep elf mage completely misses you.
The ice beast hits you. The ice beast freezes you!
* * * LOW HITPOINT WARNING * * *
Throwing (i - inventory. (,) - cycle):
b - 2 large rocks (quivered)
Press: ? - help, Shift-Dir - straight line, f/p - ice beast
Aim: an ice beast (severely wounded)
You throw a large rock. The large rock misses the ice beast.
The large rock hits the deep elf mage.
The deep elf mage is moderately wounded.
The deep elf mage points at you and mumbles some strange words.
You feel yourself slow down. The ice beast hits you.
* * * LOW HITPOINT WARNING * * *
The ice beast freezes you!
You die... ▓▓▓▓▓▓▓▓▓▓▓▓▓▓▓▓▓▓▓▓▓▓▓▓▓ _______'..|)[[[e@IeSKg..+ ▓▓▓▓▓▓▓▓▓▓▓▓▓▓▓▓▓▓▓▓▓▓▓▓▓

You could see an ice beast, 2 deep elf magi, an adder, a hobgoblin and a kobold.

Vanquished Creatures
  An orc (D)
  A hobgoblin (D)
  2 bats (D)
  2 giant cockroaches (D)
  A goblin (D)
  2 kobolds (D)
  A rat (D)
10 creatures vanquished.

Notes
Turn   | Place    | Note
--------------------------------------------------------------
     0 | D        | Froboctopus, the Troll Arcane Marksman, began the quest for the Orb.
     0 | D        | Reached XP level 1. HP: 18/18 MP: 2/2
    46 | D        | Reached XP level 2. HP: 26/26 MP: 2/2
   125 | D        | Found a radiant altar of Vehumet.
   125 | D        | Found a shadowy altar of Dithmenos.
   125 | D        | Found a deep blue altar of Sif Muna.
   125 | D        | Found a sparkling altar of Nemelex Xobeh.
   125 | D        | Found a shimmering altar of Xom.
   125 | D        | Found a basalt altar of Yredelemnul.
   125 | D        | Found a burning altar of Makhleb.
   126 | D        | Found a blossoming altar of Fedhas.
   127 | D        | Found a glowing golden altar of the Shining One.
   128 | D        | Found a shattered altar of Ashenzari.
   129 | D        | Found a glowing silver altar of Zin.
   130 | D        | Found a bloodstained altar of Trog.
   131 | D        | Found a snail-covered altar of Cheibriados.
   132 | D        | Found a white marble altar of Elyvilon.
   133 | D        | Found an ancient bone altar of Kikubaaqudgha.
   134 | D        | Found an iron altar of Okawaru.
   135 | D        | Found a glowing golden altar of the Shining One.
   136 | D        | Found a glowing silver altar of Zin.
   140 | D        | Became a worshipper of Cheibriados the Contemplative
   166 | D        | Noticed an ice beast
   166 | D        | Noticed a deep elf mage
   166 | D        | Noticed a deep elf mage
   172 | D        | Slain by an ice beast

Action                   || total
-------------------------++-------
Melee: Unarmed           ||    37
Throw: Large rock        ||     7
